 Dungeon Crawl Stone Soup version 0.23.2-1-ga50397a (webtiles) character file.

Game seed: 9019497798067580069

61737 gohu the Ripper (level 14, -7/93 HPs)
             Began as a Felid Berserker on May 23, 2019.
             Was the Champion of Trog.
             Mangled by a hornet (8 damage)
             ... created by a shambling mangrove
             ... while paralysed by a hornet
             ... on level 2 of the Swamp on May 25, 2019.
             The game lasted 02:24:30 (39449 turns).

gohu the Ripper (Felid Berserker)                  Turns: 39449, Time: 02:24:31

Health: -7/93      AC:  5    Str: 19    XL:     14   Next: 61%
Magic:  0/25       EV:  4    Int: 12    God:    Trog [******]
Gold:   1029       SH:  0    Dex: 24    Spells: 13/13 levels left
                                        Lives:  0   Deaths: 4

rFire    . . .     SeeInvis +     - Unarmed
rCold    + + +     Gourm    .   (shield unavailable)
rNeg     . . .     Faith    .   (armour unavailable)
rPois    .         Spirit   +   (helmet unavailable)
rElec    +         Reflect  .   (cloak unavailable)
rCorr    .         Harm     .   (gloves unavailable)
MR       +++++                  (boots unavailable)
Stlth    ..........             J - amulet "Kaf Ydit" {Spirit MR+ Dex+4}
HPRegen  1.25/turn              w - ring "Vumekat" {Ice +Blink rElec MR+ Int+2}
MPRegen  0.19/turn              x - ring of protection from fire

@: paralysed, berserking, regenerating, slowed, quick
A: very small, no armour, no weapons or thrown items, stealth, claws 1, fangs 3,
slimy green scales 1, see invisible, carnivore, cold resistance 1, speed 1,
frail 1, shaggy fur 3, slow metabolism 1, sharp paws
a: Berserk, Trog's Hand, Brothers in Arms, Renounce Religion, Evoke Blink


You were on level 2 of the Swamp.
You worshipped Trog.
Trog was exalted by your worship.
You were very full.

You visited 5 branches of the dungeon, and saw 26 of its levels.
You also visited: Ossuary, Gauntlet and Ice Cave.

You collected 2610 gold pieces.
You spent 1581 gold pieces at shops.

Inventory:

Jewellery
 b - an uncursed ring of positive energy
 e - an uncursed ring of protection from magic
 q - an uncursed ring of flight
 w - the ring "Vumekat" (left paw) {Ice +Blink rElec MR+ Int+2}
   (You acquired it on level 6 of the Dungeon)

   [ring of ice]

   It enhances your ice magic.
   It affects your intelligence (+2).
   It makes you vulnerable to fire.
   It protects you from cold.
   It insulates you from electricity.
   It affects your resistance to hostile enchantments.
   It lets you blink.
 x - a ring of protection from fire (right paw)
 y - the amulet of Haufrenn {Spirit Int+5}
   (You acquired it in an ice cave)

   [amulet of guardian spirit]

   It causes incoming damage to be split between your health and magic.
   It affects your intelligence (+5).
 B - an uncursed ring of stealth
 D - an uncursed amulet of rage
 F - an uncursed ring of positive energy
 J - the amulet "Kaf Ydit" (around neck) {Spirit MR+ Dex+4}
   (You found it in a Gauntlet)

   [amulet of guardian spirit]

   It causes incoming damage to be split between your health and magic.
   It affects your dexterity (+4).
   It affects your resistance to hostile enchantments.
Wands
 n - a wand of iceblast (30)
 r - a wand of paralysis (31)
 u - a wand of polymorph (55)
 v - a wand of random effects (23)
 I - a wand of acid (25)
 L - a wand of enslavement (8)
 P - a wand of digging (4)
 U - a wand of flame (15)
Scrolls
 c - 11 scrolls of identify
 i - 5 scrolls of blinking
 k - 13 scrolls of teleportation
 p - 11 scrolls of remove curse
 t - 6 scrolls of magic mapping
 G - a scroll of holy word
 H - 2 scrolls of fear
 M - a scroll of silence
 N - a scroll of summoning
 O - a scroll of vulnerability
 Q - a scroll of enchant armour {unknown}
 R - 5 scrolls of immolation
Potions
 d - 3 potions of might
 f - 4 potions of cancellation
 g - a potion of haste
 h - 2 potions of resistance
 j - 4 potions of brilliance
 l - 4 potions of agility
 m - 3 potions of degeneration
 o - 6 potions of curing
 s - 4 potions of ambrosia
 z - 3 potions of berserk rage
 A - 5 potions of heal wounds
 C - 3 potions of invisibility
 E - 3 potions of mutation
 K - 2 potions of magic
Comestibles
 a - 63 rations
 S - a chunk of flesh


   Skills:
 + Level 12.8 Fighting
 + Level 14.4 Dodging
 + Level 16.2 Stealth
 - Level 19.0 Unarmed Combat
 + Level 13.4 Evocations


You had 13 spell levels left.
You didn't know any spells.
Your spell library was empty.

Dungeon Overview and Level Annotations

Branches:
Dungeon (15/15)            Temple (0/1) D:4            Lair (6/6) D:8
  Swamp (2/4) Lair:2        Snake (1/4) Lair:4        Slime (0/5) Lair:5
    Orc (2/2) D:9             Elf (0/3) Orc:2        Vaults (0/5) D:14
 Depths (0/5) D:15

Altars:
Dithmenos
Elyvilon
Gozag
Kikubaaqudgha
Makhleb
Nemelex Xobeh
Okawaru
Sif Muna
Trog
Uskayaw
Vehumet
Zin
Beogh
Jiyva

Shops:
Orc:2 %:[?

Annotations:
D:9 exclusion: ice statue
Lair:4 2 transporters, Curus's ghost, journeyman GrGl
Lair:5 1 runed translucent door


Innate Abilities, Weirdness & Mutations

You cannot wear armour.
You are incapable of wielding weapons or throwing items.
Your paws allow you to move quietly. (Stealth)
You have sharp claws.
You have razor-sharp teeth.
You have supernaturally acute eyesight. (SInv)
You are carnivorous and can eat meat at any time.
You cover ground quickly.
Your thick and shaggy fur keeps you warm. (AC +3, rC+)
You have a slow metabolism.
Your sharp claws are effective at attacking unaware monsters.
You are partially covered in slimy green scales. (AC +2)
Your flesh is cold resistant. (rC+)
You are frail. (-10% HP)


Message History

* * * LOW HITPOINT WARNING * * *
You suddenly lose the ability to move!
You feel yourself speed up. The hornet stings you.
* * * LOW HITPOINT WARNING * * *
You feel yourself slow down. The hornet stings you.
* * * LOW HITPOINT WARNING * * *
You feel as though you will be slow longer.
The hornet barely misses you. The hornet stings you.
* * * LOW HITPOINT WARNING * * *
You feel as though you will be slow longer.
The hornet barely misses you. The hornet stings you!
* * * LOW HITPOINT WARNING * * *
You feel as though you will be slow longer.
The hornet stings you!
* * * LOW HITPOINT WARNING * * *
You feel as though you will be slow longer.
The hornet barely misses you. The hornet stings you!
You die...

♣♣≈≈≈..≈♣≈.≈≈.....♣....≈≈..
♣.≈≈≈§≈.♣♣.≈≈.♣.≈≈♣♣≈......
♣≈≈≈≈≈≈≈♣♣.≈≈≈...≈♣.≈≈..≈≈.
≈≈≈.≈♣..≈≈≈≈..≈.≈≈≈.≈..≈≈≈≈...≈≈
.≈≈.....≈≈≈≈≈≈..≈≈≈.♣.≈≈≈≈....≈≈
.≈≈...≈§≈≈≈≈≈≈≈≈≈...§≈.....≈.≈≈≈
♣≈.≈≈≈≈.≈≈≈≈≈≈≈≈≈..≈♣♣♣♣...≈≈...
.§≈≈..≈≈≈≈≈≈y.y.≈♣♣ ♣.≈♣≈.♣≈>.
...≈≈≈≈≈≈≈y@≈♣♣♣ ♣♣≈......§≈
♣.≈≈≈≈≈≈≈≈..♣♣♣♣♣.≈≈≈...≈≈≈
♣♣§≈≈≈≈≈≈≈≈≈.♣♣..≈≈≈...≈≈≈.
♣♣.≈≈≈≈≈≈≈≈≈<≈...........≈
♣♣.≈≈≈≈≈≈≈≈.♣♣♣..≈≈≈≈≈≈..
♣♣≈.....<..♣ ♣≈≈≈≈≈≈≈.≈.
♣≈♣♣♣..♣♣.♣♣ ♣♣≈.≈...♣♣≈
♣♣....≈.♣≈... ♣≈...♣♣♣≈.
♣≈≈.≈.♣§≈♣....≈♣♣♣≈♣♣ ♣♣≈


You could see 3 hornets.

Vanquished Creatures
  An Ice Fiend (IceCv)
  Louise (D:14)
  An ettin (Orc:2)
  Josephine (Lair:5)
  8 hydras
  A vault guard (D:14)
  A shambling mangrove (Swamp:2)
  A centaur warrior (D:15)
  5 two-headed ogres
  8 alligators
  Sonja (Lair:5)
  A spriggan (Lair:2)
  8 skeletal warriors
  2 unseen horrors
  A swamp dragon (Swamp:2)
  A wizard (D:15)
  2 deep elf magi
  12 orc knights
  3 cyclopes
  2 manticores
  Maurice (D:8)
  An orc sorcerer (Orc:2)
  21 ugly things
  An elephant (shapeshifter) (D:15)
  2 centaur zombies (D:15)
  An ice statue (IceCv)
  8 black mambas
  8 elephants
  12 spiny frogs
  A guardian serpent (D:12)
  A torpor snail (Lair:6)
  A gargoyle (D:14)
  A kobold demonologist (D:14)
  A rime drake (Lair:5)
  6 ice devils (IceCv)
  4 freezing wraiths
  7 komodo dragons
  A yaktaur (D:15)
  4 anaconda simulacra (IceCv)
  8 trolls
  A merfolk (shapeshifter) (D:15)
  13 polar bears
  8 tyrant leeches
  18 slime creatures
  5 hornets
  13 blink frogs
  3 bog bodies
  2 raiju
  10 dream sheep (Lair:6)
  7 hippogriffs
  A raiju (shapeshifter) (D:13)
  4 wraiths
  2 shadows
  2 wyverns
  A dire elephant simulacrum (IceCv)
  38 yaks
  7 basilisks
  6 steam dragons
  A hungry ghost (D:15)
  A death yak simulacrum (IceCv)
  Menkaure (D:4)
  13 vampire mosquitoes
  16 wargs
  7 harpy simulacra (IceCv)
  6 insubstantial wisps (Swamp:1)
  3 iron troll simulacra (IceCv)
  8 swamp worms
  2 soldier ants
  4 acid dragons
  A soldier ant (shapeshifter) (D:15)
  Duvessa (D:6)
  7 porcupines
  14 hell hounds (Lair:6)
  14 water moccasins
  2 swamp drakes (Swamp:1)
  37 orc warriors
  3 hydra simulacra (IceCv)
  An ice beast (D:7)
  3 sky beasts
  An ettin simulacrum (IceCv)
  3 necrophages
  11 black bears (Lair:6)
  3 phantoms
  26 wolves
  7 boggarts
  16 centaurs
  11 ogres
  5 crocodiles
  8 big kobolds
  2 gnoll sergeants (D:8)
  15 bullfrogs
  Dowan (D:6)
  3 scorpions
  53 killer bees
  An elephant simulacrum (IceCv)
  6 howler monkeys
  A vampire bat (Lair:4)
  14 wights
  5 jellies
  7 crimson imps
  A quasit (D:11)
  5 draconian simulacra (IceCv)
  6 hounds
  A bullfrog zombie (D:13)
  A bullfrog skeleton (D:9)
  10 orc priests
  16 orc wizards
  Natasha (twice) (D:3)
  3 centaur skeletons
  8 iguanas
  4 troll simulacra (IceCv)
  11 worker ants
  A spriggan simulacrum (IceCv)
  A killer bee zombie (D:6)
  2 wolf simulacra (IceCv)
  A big kobold zombie (Ossuary)
  3 centaur simulacra (IceCv)
  A hound zombie (D:7)
  8 mummies (Ossuary)
  A howler monkey zombie (D:7)
  A worker ant zombie (D:11)
  A howler monkey skeleton (D:11)
  12 adders
  7 gnolls (D:8)
  3 naga simulacra (IceCv)
  3 ogre simulacra (IceCv)
  9 shadow imps
  6 white imps (IceCv)
  An ufetubus (IceCv)
  8 oozes
  An adder zombie (D:6)
  5 worms
  3 dart slugs (D:1)
  8 leopard geckos
  72 orcs
  10 bats
  3 giant cockroaches
  A gnoll zombie (Ossuary)
  5 hobgoblins
  14 jackals
  A ball python zombie (D:6)
  5 frilled lizards
  6 goblins
  2 hobgoblin zombies (Ossuary)
  21 kobolds
  3 kobold zombies (Ossuary)
  A leopard gecko skeleton (D:4)
  An orc zombie (Ossuary)
  A quokka zombie (D:6)
  6 rats
  A butterfly (Lair:4)
  2 plants (Lair:6)
945 creatures vanquished.

Vanquished Creatures (collateral kills)
  Nikola (Swamp:2)
  Frances (D:14)
  A fire dragon (Lair:6)
  3 death yaks (Lair:6)
  A naga sharpshooter (Snake:1)
  A swamp dragon (Lair:6)
  A black mamba (Snake:1)
  A rime drake (Lair:6)
  A troll (D:14)
  4 nagas (Snake:1)
  A swamp drake (Lair:6)
  A swamp worm (Swamp:2)
  An acid dragon (Lair:6)
  A bullfrog (D:14)
  An iguana (Lair:6)
  2 orcs (Orc:2)
  A plant (Lair:6)
23 creatures vanquished.

Vanquished Creatures (others)
  An ugly thing (D:14)
  Eustachio (D:5)
  31 fungi
  28 plants
  6 toadstools (D:5)
67 creatures vanquished.

Grand Total: 1035 creatures vanquished

Notes
Turn   | Place    | Note
-------+----------+-------------------------------------------
     0 | D:1      | gohu the Felid Berserker began the quest for the Orb.
     0 | D:1      | Reached XP level 1. HP: 10/10 MP: 2/2
    42 | D:1      | Reached skill level 1 in Stealth
   301 | D:1      | Reached XP level 2. HP: 14/14 MP: 3/3
   605 | D:1      | Reached ** piety under Trog
   605 | D:1      | Reached XP level 3. HP: 17/17 MP: 4/4
   878 | D:2      | Reached skill level 4 in Unarmed Combat
   995 | D:2      | Found a faded altar of an unknown god.
  1313 | D:2      | Reached XP level 4. HP: 20/21 MP: 5/5
  1754 | D:3      | Found a glowing silver altar of Zin.
  2032 | D:3      | Noticed Natasha
  2037 | D:3      | Killed Natasha
  2195 | D:3      | Noticed Natasha
  2202 | D:3      | Killed Natasha
  2202 | D:3      | Reached skill level 5 in Unarmed Combat
  2202 | D:3      | Reached XP level 5. HP: 17/24 MP: 6/6
  2734 | D:4      | Gained mutation: You are covered in thick fur. (AC +2)
                  | [Felid growth]
  2734 | D:4      | Reached XP level 6. HP: 24/28 MP: 7/7
  2739 | D:4      | Reached *** piety under Trog
  2739 | D:4      | Reached skill level 6 in Unarmed Combat
  2739 | D:4      | HP: 2/42 [poisoned by a worker ant]
  2740 | D:4      | Slain by an orc
  2741 | D:4      | Reached XP level 5. HP: -3/36 MP: 6/6
  2927 | D:4      | Noticed Menkaure
  2935 | D:4      | Noticed an ogre
  2938 | D:4      | Killed Menkaure
  2938 | D:4      | Reached skill level 5 in Stealth
  2938 | D:4      | Reached XP level 6. HP: 28/28 MP: 7/7
  3217 | D:4      | Found an iron altar of Okawaru.
  3228 | D:4      | Identified the +1 leather armour of Valour {Str+2}
  3444 | D:4      | Reached skill level 7 in Unarmed Combat
  3605 | D:4      | Found a staircase to the Ecumenical Temple.
  3764 | D:5      | Entered Level 5 of the Dungeon
  3793 | D:5      | Found a shadowy altar of Dithmenos.
  3901 | D:5      | Found a sand-covered staircase.
  3924 | Ossuary  | Entered an ossuary
  4070 | Ossuary  | Reached XP level 7. HP: 29/31 MP: 8/8
  4098 | Ossuary  | Reached skill level 1 in Evocations
  4398 | D:5      | Found an opulent altar of Gozag.
  4713 | D:5      | Noticed Eustachio
  4897 | D:5      | Killed Eustachio
  5201 | D:5      | Reached XP level 8. HP: 21/36 MP: 10/10
  5211 | D:5      | Reached skill level 8 in Unarmed Combat
  5220 | D:5      | Reached skill level 5 in Dodging
  5582 | D:5      | Noticed a slime creature
  5582 | D:5      | Noticed a slime creature
  5582 | D:5      | Noticed a slime creature
  5598 | D:5      | Killed a slime creature
  5881 | D:5      | Killed a slime creature
  5881 | D:5      | Reached **** piety under Trog
  5884 | D:5      | Killed a slime creature
  5884 | D:5      | Reached skill level 9 in Unarmed Combat
  5884 | D:5      | Reached XP level 9. HP: 23/39 MP: 12/12
  6251 | D:6      | Found a bloodstained altar of Trog.
  6343 | D:6      | Noticed Dowan
  6345 | D:6      | Reached skill level 5 in Fighting
  6365 | D:6      | Noticed Duvessa
  6890 | D:6      | Killed Duvessa
  6900 | D:6      | Killed Dowan
  7259 | D:6      | Identified a scroll of acquirement
  7262 | D:6      | Got a crude tin ring
  7264 | D:6      | Identified the ring "Vumekat" {Ice +Blink rElec MR+ Int+2}
                  | (You acquired it on level 6 of the Dungeon)
  7668 | D:7      | Reached skill level 5 in Evocations
  8100 | D:7      | Reached skill level 10 in Unarmed Combat
  8475 | D:8      | Reached ***** piety under Trog
  8649 | D:8      | Found a staircase to the Lair.
  8657 | D:8      | Reached XP level 10. HP: 45/45 MP: 14/14
  8743 | D:8      | Found a radiant altar of Vehumet.
  8955 | D:8      | Noticed Maurice
  8977 | D:8      | Killed Maurice
  9155 | D:8      | Reached skill level 10 in Stealth
  9538 | D:8      | Found a deep blue altar of Sif Muna.
  9538 | D:8      | Found a white marble altar of Elyvilon.
  9770 | D:9      | Noticed a two-headed ogre
  9771 | D:9      | Noticed an ice statue
  9789 | D:9      | Killed a two-headed ogre
  9789 | D:9      | Reached skill level 11 in Unarmed Combat
  9814 | D:9      | Found a staircase to the Orcish Mines.
 10470 | D:9      | Reached XP level 11. HP: 41/49 MP: 16/16
 10699 | D:10     | Entered Level 10 of the Dungeon
 11604 | D:11     | Noticed a two-headed ogre
 11610 | D:11     | Killed a two-headed ogre
 11706 | Lair:1   | Entered Level 1 of the Lair of Beasts
 11737 | Lair:1   | Found a gate leading to a gauntlet.
 11746 | Gauntlet | Entered a Gauntlet
 11746 | Gauntlet | Found a transporter.
 11746 | Gauntlet | Found a transporter.
 11746 | Gauntlet | Found a transporter.
 11747 | Gauntlet | Found a transporter.
 11748 | Gauntlet | Found a transporter.
 11751 | Gauntlet | Found a transporter.
 11756 | Gauntlet | Noticed a soul eater
 11757 | Gauntlet | Noticed a catoblepas
 11758 | Gauntlet | Noticed a tengu warrior
 11762 | Gauntlet | Found a transporter.
 11763 | Gauntlet | Found a transporter.
 11764 | Gauntlet | Found a transporter.
 11766 | Gauntlet | Found a transporter.
 11772 | Gauntlet | Noticed a large abomination
 11772 | Gauntlet | Noticed a large abomination
 11776 | Gauntlet | Found a transporter.
 11776 | Gauntlet | Found a transporter.
 11892 | Gauntlet | Got a translucent lead amulet
 11960 | Gauntlet | Mangled by a soul eater
 11961 | Gauntlet | Reached XP level 10. HP: -10/70 MP: 16/16
 11968 | Gauntlet | Identified the amulet "Kaf Ydit" {Spirit MR+ Dex+4} (You
                  | found it in a Gauntlet)
 12404 | Lair:1   | Noticed a black mamba
 12420 | Lair:1   | Killed a black mamba
 12511 | Lair:1   | Noticed a spiny frog
 12522 | Lair:1   | Killed a spiny frog
 12947 | Lair:2   | Noticed a spiny frog
 12957 | Lair:2   | Killed a spiny frog
 12957 | Lair:2   | Reached skill level 12 in Unarmed Combat
 13053 | Lair:2   | Reached XP level 11. HP: 51/51 MP: 12/17
 13200 | Lair:2   | Noticed an eight-headed hydra
 13209 | Lair:2   | Killed an eight-headed hydra
 13209 | Lair:2   | Reached skill level 10 in Dodging
 13716 | Lair:2   | Noticed a five-headed hydra
 13725 | Lair:2   | Killed a five-headed hydra
 13820 | Lair:2   | Noticed a five-headed hydra
 13845 | Lair:2   | Killed a five-headed hydra
 14113 | Lair:2   | Found a staircase to the Swamp.
 14358 | Lair:3   | Reached ****** piety under Trog
 15026 | Lair:4   | Found a staircase to the Snake Pit.
 15099 | Lair:4   | Gained mutation: Your thick and shaggy fur keeps you warm.
                  | (AC +3, rC+) [Felid growth]
 15099 | Lair:4   | Reached XP level 12. HP: 52/56 MP: 19/19
 15206 | Lair:4   | Reached skill level 13 in Unarmed Combat
 15257 | Lair:4   | Noticed a seven-headed hydra
 15267 | Lair:4   | Killed a seven-headed hydra
 15438 | Lair:4   | Found a transporter.
 15442 | Lair:4   | Found a transporter.
 15443 | Lair:4   | Noticed Curus's ghost (journeyman GrGl)
 16012 | Lair:4   | Noticed a six-headed hydra
 16023 | Lair:4   | Killed a six-headed hydra
 17274 | Lair:5   | Found a hide-covered altar of Uskayaw.
 17583 | Lair:5   | Noticed Josephine
 17839 | Lair:5   | Found a runed translucent door.
 17839 | Lair:5   | Noticed Sonja
 17841 | Lair:5   | Found a viscous altar of Jiyva.
 17842 | Lair:5   | Noticed an acid blob
 17843 | Lair:5   | Found a staircase to the Slime Pits.
 17846 | Lair:5   | Killed Sonja
 17851 | Lair:5   | Killed Josephine
 18261 | Lair:6   | Entered Level 6 of the Lair of Beasts
 18312 | Lair:6   | Noticed a death yak
 18313 | Lair:6   | Noticed a death yak
 18315 | Lair:6   | Noticed a death yak
 18318 | Lair:6   | Killed a death yak
 18319 | Lair:6   | Killed a death yak
 18319 | Lair:6   | Reached XP level 13. HP: 53/60 MP: 21/21
 18688 | Lair:6   | Reached skill level 14 in Unarmed Combat
 18755 | Lair:6   | Reached skill level 10 in Evocations
 19471 | Lair:5   | Reached skill level 10 in Fighting
 21030 | Lair:6   | Reached XP level 14. HP: 53/66 MP: 17/23
 22706 | D:10     | Reached skill level 15 in Stealth
 23522 | D:11     | Found an ancient bone altar of Kikubaaqudgha.
 24980 | Orc:1    | Entered Level 1 of the Orcish Mines
 25377 | Orc:2    | Entered Level 2 of the Orcish Mines
 25435 | Orc:2    | Found a burning altar of Makhleb.
 25960 | Orc:2    | Found a staircase to the Elven Halls.
 26741 | Orc:2    | Reached skill level 15 in Unarmed Combat
 27027 | Orc:2    | Found Fudoefo's Book Shoppe.
 27027 | Orc:2    | Found Pumuv's Food Shop.
 27116 | Orc:2    | Bought a manual of Unarmed Combat for 1324 gold pieces
 27523 | Orc:2    | Found a roughly hewn altar of Beogh.
 27553 | Orc:2    | Found Hubymief's Magic Scroll Shoppe.
 27553 | Orc:2    | Found Geonkata's Antique Armour Shop.
 27558 | Orc:2    | Bought a scroll of magic mapping for 38 gold pieces
 27558 | Orc:2    | Bought a scroll of teleportation for 33 gold pieces
 27558 | Orc:2    | Bought a scroll of teleportation for 33 gold pieces
 27558 | Orc:2    | Bought a scroll of blinking for 82 gold pieces
 27558 | Orc:2    | Bought a scroll of teleportation for 33 gold pieces
 27558 | Orc:2    | Bought a scroll of magic mapping for 38 gold pieces
 27645 | Orc:2    | HP: 1/67 [orc knight/+0 long sword (25)]
 28600 | D:13     | Reached skill level 16 in Unarmed Combat
 29601 | D:14     | Reached skill level 17 in Unarmed Combat
 29780 | D:14     | Noticed Louise
 29803 | D:14     | Killed Louise
 29803 | D:14     | Reached XP level 15. HP: 58/71 MP: 17/24
 30108 | D:14     | Noticed Frances
 30132 | D:14     | Killed Frances
 30556 | D:14     | Found a gate to the Vaults.
 31107 | D:15     | Entered Level 15 of the Dungeon
 31118 | D:15     | Reached skill level 18 in Unarmed Combat
 31582 | D:15     | Found a sparkling altar of Nemelex Xobeh.
 31962 | D:15     | HP: 2/72 [white ugly thing/exploding inner flame[the player
                  | character] (21)]
 31962 | D:15     | Engulfed by a cloud of flame
 31963 | D:15     | Reached XP level 14. HP: -7/68 MP: 0/24
 33723 | D:15     | Reached skill level 19 in Unarmed Combat
 33746 | D:15     | Found a staircase to the Depths.
 34135 | Snake:1  | Entered Level 1 of the Snake Pit
 34280 | Snake:1  | Found a frozen archway.
 34305 | IceCv    | Entered an ice cave
 35173 | IceCv    | Got a transparent copper amulet
 35174 | IceCv    | Identified the amulet of Haufrenn {Spirit Int+5} (You
                  | acquired it in an ice cave)
 35612 | IceCv    | Noticed an Ice Fiend
 35633 | IceCv    | HP: 5/103 [Ice Fiend (4)]
 35633 | IceCv    | Slain by an Ice Fiend
 35634 | IceCv    | Reached XP level 13. HP: -3/97 MP: 0/23
 35742 | IceCv    | Killed an Ice Fiend
 35742 | IceCv    | Reached XP level 14. HP: 39/69 MP: 6/24
 36141 | Swamp:1  | Entered Level 1 of the Swamp
 37718 | Swamp:1  | Gained mutation: Your body sometimes deteriorates upon
                  | taking damage. [potion of mutation]
 37718 | Swamp:1  | Gained mutation: You are partially covered in large bone
                  | plates. (SH +4) [potion of mutation]
 37718 | Swamp:1  | Gained mutation: You expend magic power (3 MP) to
                  | strengthen your wands. [potion of mutation]
 37719 | Swamp:1  | Lost mutation: Your body sometimes deteriorates upon taking
                  | damage. [potion of mutation]
 37719 | Swamp:1  | Lost mutation: You expend magic power (3 MP) to strengthen
                  | your wands. [potion of mutation]
 37719 | Swamp:1  | Lost mutation: You are partially covered in large bone
                  | plates. (SH +4) [potion of mutation]
 37719 | Swamp:1  | Gained mutation: You are frail. (-10% HP) [potion of
                  | mutation]
 37719 | Swamp:1  | Gained mutation: Your flesh is cold resistant. (rC+)
                  | [potion of mutation]
 37719 | Swamp:1  | Gained mutation: You are partially covered in slimy green
                  | scales. (AC +2) [potion of mutation]
 38880 | Swamp:2  | Noticed Nikola
 38902 | Swamp:2  | Killed Nikola
 39447 | Swamp:2  | Paralysed by a hornet for 3 turns
 39449 | Swamp:2  | HP: 1/93 [hornet[a shambling mangrove] (9)]
 39449 | Swamp:2  | Mangled by a hornet

Skill      XL: |  1  2  3  4  5  6  7  8  9 10 11 12 13 14 15 |
---------------+----------------------------------------------+-----
Stealth        | 1 2 3 5 6 7 8 9 10 12 13 14 16 | 16.2
Unarmed Combat | 4 5 7 9 10 12 13 14 19 18 | 19.0
Evocations     | 2 3 5 6 8 9 10 13 12 | 13.4
Fighting       | 4 5 6 8 9 10 12 | 12.8
Dodging        | 6 7 8 10 11 13 14 | 14.4

Action                   |  1- 3 |  4- 6 |  7- 9 | 10-12 | 13-15 || total
-------------------------+-------+-------+-------+-------+-------++-------
Melee: Unarmed           |    69 |   145 |   334 |   884 |  1836 ||  3268
       Bite              |     4 |    10 |    30 |   115 |   286 ||   445
       Punch             |     2 |     5 |    14 |    59 |   212 ||   292
Invok: Berserk           |     1 |     8 |     9 |    17 |    30 ||    65
       Trog's Hand       |       |     1 |     2 |     6 |    15 ||    24
       Brothers in Arms  |       |       |       |     1 |     8 ||     9
Evoke: Wand              |       |       |     5 |    10 |    32 ||    47
  Use: Scroll            |       |     5 |     8 |    11 |    10 ||    34
       Potion            |       |     2 |     5 |     1 |     8 ||    16
 Stab: Sleeping          |     8 |     4 |    11 |    29 |    49 ||   101
       Distracted        |     1 |       |     3 |     7 |    19 ||    30
       Paralysed         |       |       |       |     5 |     8 ||    13
  Eat: Chunk             |     8 |    16 |    20 |    41 |    79 ||   164
Armor: Skin              |     3 |     5 |     9 |    67 |    35 ||   119
Dodge: Dodged            |    55 |    91 |   206 |   800 |  1536 ||  2688
